 Dungeon Crawl Stone Soup version 0.19.1-1-g22dce08 (webtiles) character file.

822 RumaTero the Chiller (level 7, -2/50 HPs)
             Began as a Mottled Draconian Ice Elementalist on Jan 1, 2017.
             Slain by a gnoll
             ... wielding a +0 whip
              (7 damage)
             ... on level 5 of the Dungeon.
             The game lasted 00:19:23 (4749 turns).

RumaTero the Chiller (DrIE)                         Turns: 4749, Time: 00:19:24

Health: -2/50      AC:  7    Str: 10    XL:     7   Next: 63%
Magic:  12/13      EV: 12    Int: 18    God:
Gold:   185        SH:  0    Dex: 11    Spells: 3 memorised, 6 levels left

rFire  . . .     SeeInvis .     y - +7 flail (protect)
rCold  . . .     Gourm    .     (armour unavailable)
rNeg   + . .     Faith    .     (no shield)
rPois  .         Spirit   .     (helmet restricted)
rElec  .         Reflect  .     (no cloak)
rCorr  .         Harm     .     q - +0 pair of gloves
MR     .....                    (no boots)
Stlth  ++........               (no amulet)
                                (no ring)
                                m - ring of positive energy

@: no status effects
A: breathe sticky flame splash, unfitting armour, cold-blooded, AC +6
a: Breathe Sticky Flame


You were on level 5 of the Dungeon.
You were very hungry.

You visited 1 branch of the dungeon, and saw 5 of its levels.

You collected 185 gold pieces.

Inventory:

Hand Weapons
 t - a +0 falchion
 y - a +7 flail of protection (weapon)
Armour
 e - a cursed +0 buckler
 q - a +0 pair of gloves (worn)
Jewellery
 m - a ring of positive energy (left hand)
Wands
 w - a wand of confusion (20/48)
Scrolls
 d - 4 scrolls of identify
 g - a scroll of immolation {unknown}
 k - a scroll of random uselessness {unknown}
 l - a scroll of blinking {unknown}
 p - a scroll of magic mapping {unknown}
 r - a scroll of teleportation {unknown}
 v - a scroll of noise {unknown}
Potions
 f - 2 potions of flight
 h - 5 potions of curing
 i - a potion of berserk rage
 j - a potion of heal wounds {unknown}
 o - 2 potions of invisibility
 s - a potion of magic
 x - a potion of agility {unknown}
Books
 a - a book of Frost

   Spells                             Type                      Level
   a - Freeze                         Ice                          1
   b - Throw Frost                    Conjuration/Ice              2
   c - Ozocubu's Armour               Charms/Ice                   3
   d - Throw Icicle                   Conjuration/Ice              4
   e - Summon Ice Beast               Ice/Summoning                4
Comestibles
 b - 2 bread rations
 c - 2 beef jerkies
 n - a royal jelly
 u - a chunk of flesh


   Skills:
 - Level 1.7 Dodging
 - Level 1.7 Stealth
 - Level 4.2 Spellcasting
 + Level 4.6 Conjurations
 + Level 6.6 Ice Magic


You had 6 spell levels left.
You knew the following spells:

 Your Spells              Type           Power        Failure   Level  Hunger
a - Freeze                Ice            ####         1%          1    None
b - Ozocubu's Armour      Chrm/Ice       ###.....     14%         3    ###....
c - Throw Icicle          Conj/Ice       ###.....     17%         4    ####...


Dungeon Overview and Level Annotations

Branches:
Dungeon (5/15)
 Temple: D:4-7

Altars:
Qazlal
Xom
The Shining One

Annotations:
D:2 exclusion: upstairs, Sigmund
D:4 exclusions: ogre, phantom and skeleton
D:5 exclusion: ogre


Innate Abilities, Weirdness & Mutations

You can spit globs of burning liquid.
You can ignite nearby creatures when you spit burning liquid.
Your weird mottled scales are hard. (AC +6)
You cannot fit into any form of body armour.
You are cold-blooded and may be slowed by cold attacks.


Message History

Aim: a gnoll sergeant, wielding a spear, wearing a ring mail and wearing a runed shield (almost dead)
You freeze the gnoll sergeant.
You kill the gnoll sergeant!
You have got your breath back.
There is a stone staircase leading down here.
Evoke which item? (* to show all) (? for menu, Esc to quit)
Zapping:
w - a wand of confusion (will waste charges)
Press: ? - help, Shift-Dir - straight line, f - gnoll
Aim: a gnoll, wielding a whip (chance to defeat MR: 54%)
The gnoll resists with significant effort.
Evoking this partially-identified wand wasted a few charges.
The gnoll misses you.
Evoke which item? (* to show all) (? for menu, Esc to quit)
Zapping:
w - a wand of confusion {zapped: 3} (will waste charges)
Press: ? - help, Shift-Dir - straight line, f/p - gnoll
Aim: a gnoll, wielding a whip (chance to defeat MR: 54%)
The gnoll resists with significant effort.
Evoking this partially-identified wand wasted a few charges.
The gnoll hits you with a whip!
You die...

#........# #.... ##'######.#
####. ##...## #.# #. # ##.....##
#.#### #. ## ##.......###.##.##
#.
.####.........##.#...###########.
..............+..................
..............##.#...######.....)
####.#.......###@##.## #.##### ##
#.##.....###.g.### #.##### .# #
##...###.....## #.##... .#
##'###.......### #.##.## .# #.#
#.......... #.##.##
.###.####.###.......##.# #......
.....#........>....## # ####.##
.#####.#..<#......## #... .#
#...........## ####


You could see a gnoll.

Vanquished Creatures
  Edmund (D:5)
  A sky beast (D:5)
  An ice beast (D:5)
  A gnoll sergeant (D:5)
  A scorpion (D:4)
  A crimson imp (D:5)
  3 orc priests (D:5)
  2 worker ants
  A hound skeleton (D:5)
  5 gnolls
  7 adders
  An ooze (D:5)
  An adder zombie (D:5)
  3 worms
  2 dart slugs
  3 leopard geckos (D:3)
  13 orcs
  4 bats
  2 giant cockroaches (D:1)
  10 goblins
  6 hobgoblins
  5 jackals (D:1)
  3 quokkas
  2 ball pythons
  2 frilled lizards
  6 kobolds
  3 rats
90 creatures vanquished.

Notes
Turn   | Place    | Note
-------+----------+-------------------------------------------
     0 | D:1      | RumaTero the Draconian Ice Elementalist began the quest for the Orb.
     0 | D:1      | Reached XP level 1. HP: 14/14 MP: 3/3
   392 | D:1      | Reached XP level 2. HP: 20/20 MP: 1/5
   838 | D:2      | Noticed Sigmund
  1083 | D:2      | Reached XP level 3. HP: 25/26 MP: 4/6
  1317 | D:2      | Reached skill level 4 in Ice Magic
  1542 | D:2      | Learned a level 3 spell: Ozocubu's Armour
  1731 | D:1      | Reached XP level 4. HP: 27/33 MP: 3/8
  1816 | D:2      | You fall through a shaft for 2 floors!
  2345 | D:3      | Learned a level 4 spell: Throw Icicle
  2511 | D:3      | Found a glowing golden altar of the Shining One.
  2623 | D:3      | Reached XP level 5. HP: 33/38 MP: 5/9
  2907 | D:4      | Noticed a phantom
  2973 | D:4      | Reached skill level 5 in Ice Magic
  3120 | D:4      | Noticed an ogre
  3326 | D:4      | Found a stormy altar of Qazlal.
  3569 | D:5      | Entered Level 5 of the Dungeon
  3782 | D:5      | Noticed a sky beast
  3791 | D:5      | Killed a sky beast
  3791 | D:5      | Reached XP level 6. HP: 13/45 MP: 4/11
  4504 | D:5      | Found a shimmering altar of Xom.
  4505 | D:5      | Found a shimmering altar of Xom.
  4518 | D:5      | Found a shimmering altar of Xom.
  4519 | D:5      | Found a shimmering altar of Xom.
  4519 | D:5      | Found a shimmering altar of Xom.
  4534 | D:5      | Your scales start taking on a weird mottled colour.
  4534 | D:5      | Reached XP level 7. HP: 47/50 MP: 10/13
  4588 | D:5      | Noticed Edmund
  4603 | D:5      | Killed Edmund
  4603 | D:5      | Reached skill level 6 in Ice Magic
  4734 | D:5      | HP: 2/50 [gnoll sergeant/spear (9)]
  4749 | D:5      | Slain by a gnoll

Skill      XL: |  1  2  3  4  5  6  7 |
---------------+----------------------+-----
Ice Magic      | 4 5 6 |  6.6
Spellcasting   | 3 4 |  4.2
Conjurations   | 2 3 4 |  4.6
Dodging        | |  1.7
Stealth        | |  1.7

Action                   |  1- 3 |  4- 6 |  7- 9 || total
-------------------------+-------+-------+-------++-------
Melee: Unarmed           |    86 |    23 |       ||   109
       Tailslap          |     9 |     9 |       ||    18
       Falchion          |       |    35 |       ||    35
 Cast: Freeze            |    52 |    93 |    13 ||   158
       Ozocubu's Armour  |       |       |     1 ||     1
 Abil: Breathe Sticky Fl |       |       |     4 ||     4
Evoke: Wand              |       |       |     2 ||     2
  Use: Scroll            |       |     7 |       ||     7
 Stab: Sleeping          |       |     4 |       ||     4
  Eat: Chunk             |     3 |     9 |       ||    12
Armor: Skin              |    33 |    37 |     4 ||    74
Dodge: Dodged            |    89 |    63 |     7 ||   159
       Rpst.: Falchion   |       |    15 |       ||    15
